 Dungeon Crawl Stone Soup version 0.21.1-1-g345015f (webtiles) character file.

8051 Fang the Covert (level 11, 0/68 HPs)
             Began as a Gargoyle Berserker on May 9, 2018.
             Was a High Priest of Trog.
             Slain by an unseen horror (7 damage)
             ... on level 11 of the Dungeon.
             The game lasted 00:15:32 (10084 turns).

Fang the Covert (Gargoyle Berserker)               Turns: 10084, Time: 00:15:32

Health: 0/68       AC: 13    Str: 31    XL:     11   Next: 24%
Magic:  11/11      EV: 14    Int:  7    God:    Trog [*****.]
Gold:   637        SH:  0    Dex:  9    Spells: 10/10 levels left

rFire    . . .     SeeInvis .   p - +10 spear of Reinforcement {pierce, rPois MR++}
rCold    . . .     Gourm    .   (no shield)
rNeg     + . .     Faith    .   b - +0 animal skin
rPois    ∞         Spirit   .   (no helmet)
rElec    +         Reflect  .   (no cloak)
rCorr    .         Harm     .   (no gloves)
MR       ++...                  d - +2 pair of boots
Stlth    +++++.....             (no amulet)
HPRegen  0.21/turn              u - +6 ring of strength
MPRegen  0.12/turn              m - ring of stealth

@: no status effects
A: negative energy resistance 1, electricity resistance, unbreathing,
petrification resistance, rot immunity, AC +8
a: Berserk, Trog's Hand, Brothers in Arms, Burn Spellbooks, Renounce Religion


You were on level 11 of the Dungeon.
You worshipped Trog.
Trog was extremely pleased with you.
You were hungry.

You visited 1 branch of the dungeon, and saw 11 of its levels.

You collected 637 gold pieces.

Inventory:

Hand Weapons
 p - the +10 spear of Reinforcement (weapon) {pierce, rPois MR++}
   (You found it on level 6 of the Dungeon)

   It inflicts extra damage upon your enemies.
   It protects you from poison.
   It affects your resistance to hostile enchantments.
 A - a +0 hand axe of freezing
Missiles
 a - 3 poisoned tomahawks (quivered)
Armour
 b - a +0 animal skin (worn)
 d - a +2 pair of boots (worn)
Jewellery
 e - a +4 ring of evasion
 m - a ring of stealth (right hand)
 u - a +6 ring of strength (left hand)
Wands
 f - a wand of iceblast (8)
 v - a wand of acid (13)
 w - a wand of polymorph (4)
 y - a wand of flame (22)
 z - a wand of paralysis (7)
Scrolls
 i - 6 scrolls of teleportation
 l - 2 scrolls of blinking
 o - 3 scrolls of fear
 q - 2 scrolls of remove curse
Potions
 g - 2 potions of invisibility
 h - 3 potions of flight
 j - 4 potions of might
 k - a potion of cancellation
 n - 2 potions of heal wounds
 r - 2 potions of resistance
 s - a potion of berserk rage
 t - a potion of lignification
 x - 2 potions of haste
Comestibles
 c - 17 rations


   Skills:
 + Level 8.2 Fighting
 + Level 8.2(9.5) Axes
 + Level 7.6(9.3) Polearms
 + Level 2.2 Armour
 + Level 6.1 Dodging
 + Level 8.8 Stealth


You had 10 spell levels left.
You didn't know any spells.

Dungeon Overview and Level Annotations

Branches:
Dungeon (11/15)            Temple (0/1) D:4
   Lair: D:8-11         Orc: D:9-12

Altars:
Dithmenos
Fedhas
Nemelex Xobeh
Qazlal
Ru
Trog
Uskayaw
Xom
Yredelemnul
Zin

Shops:
D:9 *   D:10 [

Annotations:
D:11 2 transporters


Innate Abilities, Weirdness & Mutations

You are resistant to torment.
Your stone body is resilient. (AC +8)
You are immune to poison.
You resist negative energy. (rN+)
You are resistant to electric shocks. (rElec)
You can survive without breathing.
You are immune to petrification.
You are immune to rotting.


Message History

No target in view!
No target in view!
Something hits you but does no damage. Something hits you! Something hits you.
Something hits you but does no damage. x2
You are too injured to fight recklessly!
You are too injured to fight recklessly!
You are too injured to fight recklessly!
Something hits you. Something hits you but does no damage.
Something completely misses you. Something hits you!
* * * LOW HITPOINT WARNING * * *
You barely miss something. Something hits you!
* * * LOW HITPOINT WARNING * * *
You puncture something! Something hits you but does no damage.
Something hits you.
* * * LOW HITPOINT WARNING * * *
You closely miss something. Something hits you!
You die...

#....# ........#o≈...≈
###..# #..........#.≈≈≈≈≈
#..# #........<.#.≈≈♣≈≈ #..#
#..........#.≈≈≈≈≈ #..#
#..........#.≈...≈ #..#
#..........#o≈...≈ #..#
#..######..####+## #..# #..#
#..#P../.. #..# #@.#
#..#8P.©.P #..# #{##
#..####### ##..#######.#
#......©..
#..>...({...#######.........
#.............(.............
#....................#######
#.....†..............#
#...†................#
#....)...............#


There were no monsters in sight!

Vanquished Creatures
  2 two-headed ogres
  Pikel (D:8)
  Psyche (D:9)
  The ghost of Ganima the Basher, a novice MiSk (D:5)
  A troll (D:10)
  11 yaks
  A wyvern (D:9)
  2 sky beasts (D:10)
  3 orc warriors
  2 black bears
  6 phantoms
  A necrophage (D:7)
  3 ogres
  The ghost of mole0619 the Covered, an amateur GrFi (D:3)
  3 big kobolds
  2 bullfrogs
  A gnoll sergeant (D:9)
  3 scorpions
  4 wights (D:9)
  2 howler monkeys
  3 crimson imps
  A centaur zombie (D:5)
  3 quasits (D:9)
  A bullfrog zombie (D:11)
  A jelly (D:8)
  5 hounds
  An orc priest (D:6)
  11 orc wizards
  A bullfrog skeleton (D:6)
  A centaur skeleton (D:4)
  5 iguanas
  4 worker ants
  A hound zombie (D:11)
  2 hound skeletons
  A worker ant zombie (D:11)
  9 gnolls
  A howler monkey skeleton (D:9)
  7 adders
  2 shadow imps
  An ooze (D:2)
  An adder skeleton (D:5)
  3 worms
  A dart slug (D:3)
  5 leopard geckos
  26 orcs
  11 bats
  7 giant cockroaches
  9 hobgoblins
  12 jackals
  24 kobolds
  7 quokkas
  3 ball pythons
  6 frilled lizards
  6 goblins
  A jackal skeleton (D:6)
  A quokka zombie (D:9)
  7 rats
242 creatures vanquished.

Notes
Turn   | Place    | Note
-------+----------+-------------------------------------------
     0 | D:1      | Fang the Gargoyle Berserker began the quest for the Orb.
     0 | D:1      | Reached XP level 1. HP: 14/14 MP: 1/1
   104 | D:1      | Reached XP level 2. HP: 19/19 MP: 2/2
   802 | D:1      | Reached XP level 3. HP: 20/24 MP: 3/3
  1002 | D:2      | Reached ** piety under Trog
  1272 | D:2      | Reached XP level 4. HP: 22/29 MP: 4/4
  1648 | D:2      | Found a sacrificial altar of Ru.
  2222 | D:2      | Found a glowing silver altar of Zin.
  2633 | D:3      | Reached XP level 5. HP: 26/33 MP: 5/5
  2983 | D:3      | Noticed mole0619's ghost (amateur GrFi)
  2991 | D:3      | Reached *** piety under Trog
  3000 | D:3      | Killed mole0619's ghost
  3000 | D:3      | Reached XP level 6. HP: 8/39 MP: 6/6
  3250 | D:3      | Found a bloodstained altar of Trog.
  3621 | D:4      | Reached skill level 5 in Axes
  3621 | D:4      | Reached skill level 1 in Stealth
  3939 | D:4      | Reached XP level 7. HP: 30/44 MP: 7/7
  4216 | D:4      | Reached skill level 5 in Fighting
  4311 | D:4      | Found a blossoming altar of Fedhas.
  4396 | D:4      | Found a staircase to the Ecumenical Temple.
  4429 | D:5      | Entered Level 5 of the Dungeon
  4503 | D:5      | Noticed Ganima's ghost (novice MiSk)
  4516 | D:5      | Killed Ganima's ghost
  4516 | D:5      | Reached XP level 8. HP: 49/50 MP: 8/8
  5275 | D:5      | Found a basalt altar of Yredelemnul.
  5289 | D:5      | Found a shimmering altar of Xom.
  5292 | D:5      | Found a hide-covered altar of Uskayaw.
  5293 | D:5      | Found a stormy altar of Qazlal.
  5614 | D:6      | Reached XP level 9. HP: 40/56 MP: 9/9
  5699 | D:6      | Got a warped spear
  5700 | D:6      | Identified the +10 spear of Reinforcement {pierce, rPois MR++} (You found it on level 6 of the Dungeon)
  5748 | D:6      | Reached skill level 5 in Dodging
  5778 | D:6      | Reached **** piety under Trog
  6307 | D:7      | Found a sparkling altar of Nemelex Xobeh.
  6457 | D:7      | Reached skill level 1 in Polearms
  7011 | D:8      | Identified a scroll of acquirement
  7012 | D:8      | Found the +6 Majin-Bo {vamp, Archmagi MP+6 Int+6}
  7256 | D:8      | Noticed Pikel
  7274 | D:8      | Killed Pikel
  7712 | D:9      | Found Zitutyanyo's Assorted Antiques.
  7730 | D:9      | Found a shadowy altar of Dithmenos.
  7905 | D:9      | Reached skill level 5 in Stealth
  7905 | D:9      | Reached XP level 10. HP: 58/63 MP: 10/10
  7959 | D:9      | Reached ***** piety under Trog
  7981 | D:9      | Noticed a two-headed ogre
  7989 | D:9      | Killed a two-headed ogre
  7989 | D:9      | Reached skill level 5 in Polearms
  8307 | D:9      | Noticed Psyche
  8318 | D:9      | Killed Psyche
  8506 | D:10     | Entered Level 10 of the Dungeon
  8773 | D:10     | Found Meug's Armour Shoppe.
  8884 | D:10     | Noticed a two-headed ogre
  8889 | D:10     | Killed a two-headed ogre
  9166 | D:10     | Reached XP level 11. HP: 64/68 MP: 11/11
  9613 | D:11     | Found a transporter.
  9613 | D:11     | Found the +9 heavy crossbow "Sniper" {velocity, Acc+∞ SInv}
  9613 | D:11     | Noticed an orc sorcerer
  9613 | D:11     | Noticed an orc high priest
  9622 | D:11     | Found a transporter.
  9694 | D:11     | Noticed an orc sorcerer
 10084 | D:11     | Slain by an unseen horror

Skill      XL: |  1  2  3  4  5  6  7  8  9 10 11 |
---------------+----------------------------------+-----
Axes           | 3 4 5 6 7 8 |  8.2
Dodging        | 2 3 4 5 6 |  6.1
Fighting       | 4 5 6 7 8 |  8.2
Stealth        | 1 2 5 8 |  8.8
Polearms       | 4 6 7 |  7.6
Armour         | |  2.2

Action                   |  1- 3 |  4- 6 |  7- 9 | 10-12 || total
-------------------------+-------+-------+-------+-------++-------
Melee: Hand axe          |   141 |   226 |   252 |       ||   619
       Spear             |       |       |   143 |   203 ||   346
Invok: Berserk           |     1 |     3 |     5 |     4 ||    13
       Burn Spellbooks   |       |     1 |     1 |       ||     2
  Use: Scroll            |       |     7 |    11 |     6 ||    24
       Potion            |       |       |     1 |       ||     1
 Stab: Sleeping          |       |       |    17 |    17 ||    34
       Distracted        |       |       |     3 |       ||     3
  Eat: Chunk             |     1 |    12 |    15 |     7 ||    35
       Ration            |       |       |     1 |     1 ||     2
Armor: Animal skin       |    48 |    83 |    85 |    36 ||   252
Dodge: Dodged            |   122 |   152 |   196 |   120 ||   590
